 Dungeon Crawl Stone Soup version 0.31.0-12-g77e489cdc1 (webtiles) character file.

Game seed: 2347555447225272174

718 lordive the Destroyer (level 7, -3/37 HPs)
             Began as a Tengu Conjurer on Feb 28, 2024.
             Slain by a yak (15 damage)
             ... on level 5 of the Dungeon.
             The game lasted 00:09:10 (4669 turns).

lordive the Destroyer (Tengu Conjurer)              Turns: 4669, Time: 00:09:11

Health: -3/37      AC:  2    Str:  7    XL:     7   Next: 70%
Magic:  15/15      EV: 32    Int: 20    God:
Gold:   216        SH:  0    Dex: 13    Spells: 12/15 levels left

rFire   . . .        g - +0 dagger (venom)
rCold   . . .        (no shield)
rNeg    . . .        a - +0 robe
rPois   .            (helmet restricted)
rElec   .            (no cloak)
rCorr   .            (no gloves)
SInv    .            (boots unavailable)
Will    .....        (no amulet)
Stlth   ++           (no ring)
HPRegen 0.26/turn    (no ring)
MPRegen 0.14/turn

%: acrobat
@: acrobatic, flying, studying Unarmed Combat
A: beak, talons 3, evasive flight, acrobatic
a: no special abilities


You were on level 5 of the Dungeon.
You visited 1 branch of the dungeon, and saw 5 of its levels.
You also visited: Sewer.

You collected 216 gold pieces.

Inventory:

Hand Weapons
 g - a +0 dagger of venom (weapon)
Armour
 a - a +0 robe (worn)
 c - a +0 leather armour
 o - a +0 cloak
 p - a +0 pair of boots
Jewellery
 f - an amulet of faith
Scrolls
 e - 2 scrolls of enchant weapon {unknown}
 i - 2 scrolls of brand weapon {unknown}
 j - 2 scrolls of identify {unknown}
 l - a scroll of butterflies {unknown}
 m - a scroll of amnesia {unknown}
 q - a scroll of enchant armour {unknown}
 r - a scroll of acquirement {unknown}
 t - a scroll of teleportation {unknown}
 u - 3 scrolls of poison {unknown}
Potions
 b - 3 potions of magic
 d - 3 potions of cancellation {unknown}
 h - a potion of might {unknown}
 k - 2 potions of curing {unknown}
 n - 2 potions of attraction {unknown}
 s - 2 potions of mutation {unknown}


   Skills:
 + Level 0.9 Fighting
 + Level 3.2 Dodging
 - Level 2.0 Stealth
 + Level 4.7 Spellcasting
 + Level 9.7 Conjurations


You had 12 spell levels left.
You knew the following spells:

 Your Spells              Type           Power      Damage    Failure   Level
a - Magic Dart            Conj           100%       1d8       1%          1
b - Searing Ray           Conj           86%        2d7       1%          2

Your spell library contained the following spells:

 Spells                   Type           Power      Damage    Failure   Level
 Sting                    Conj/Alch      96%        1d9       1%          1
 Fulminant Prism          Conj/Alch      12%        3d8       16%         4
 Iskenderun's Mystic Bla  Conj/Tloc      24%        2d7       16%         4
 Cigotuvi's Dreadful Rot  Necr/Alch/Air  8%         N/A       19%         2
 Ensorcelled Hibernation  Hex/Ice        8%         N/A       19%         2
 Mercury Vapours          Alch/Air       8%         N/A       19%         2
 Passwall                 Erth           4%         N/A       34%         3
 Swiftness                Air            4%         N/A       34%         3
 Freezing Cloud           Conj/Ice/Air   8%         6-21      65%         5
 Ignite Poison            Fire/Alch      4%         N/A       75%         4
 Olgreb's Toxic Radiance  Alch           4%         N/A       75%         4


Dungeon Overview and Level Annotations

Branches:
Dungeon (5/15)              Sewer (visited)
 Temple: D:4-7

Altars:
Ashenzari
Makhleb
Ru
Trog
Zin


Innate Abilities, Weirdness & Mutations

You have a beak for a mouth.
You have claws for feet.
Your magical flight helps you evade attacks. (EV +4)
You can magically evade attacks while moving or waiting.


Message History

The searing ray hits the scorpion!
The scorpion is almost dead.
The scorpion misses you.
The searing ray misses the scorpion.
You finish channelling your searing ray.
The scorpion misses you.
Casting: Searing Ray (safe; 1% risk of failure)
Confirm with . or Enter, or press ? or * to list all spells.
Aiming: Searing Ray (safe; 1% risk of failure)
Press: ? - help, Shift-Dir - straight line, f/p - scorpion
Aim: a scorpion (almost dead, 82% to hit)
The searing ray hits the scorpion!
You kill the scorpion! (Press . to maintain the ray.)
Found a burning altar of Makhleb.
Found a short sword.
s - 2 metallic pink potions (gained 1)
You pick up a Trismegistus Codex and begin reading...
You add the spells Cigotuvi's Dreadful Rot, Ignite Poison and Freezing Cloud to your library.
Found a pair of boots.
Found a stone staircase leading down.
There is a stone staircase leading up here.
A yak comes into view.
The yak bellows!
The yak bellows!
The yak completely misses you. The yak attacks as it pursues you!
The yak completely misses you. The yak completely misses you.
There is an open door here.
The iguana hisses angrily.
The yak completely misses you.
You hit the iguana.
The iguana is poisoned.
The iguana is lightly wounded.
The iguana bites you! The iguana closely misses you. The yak gores you!
The iguana barely misses you.
The iguana hisses menacingly.
The iguana completely misses you. The yak attacks as it pursues you!
The yak gores you!
You die...

##.....#.....###.....
#...#.#.#...###.###.
#...#####...#...# ##
#...#_#.#...#.######
##.....#...Y.#.......
#..≈≈≈+#'###Y.....###
#..≈...#...#..#.....#
#..≈.YlY...#.......##
#.≈≈@≈.Y.####..#.....
#..≈.......#........#
#..≈.......#.........
#.###............#..#
#...................#
# #########.....#.Y.#
###############..#....
#................#.#..
##.#############.#....


You could see 3 yaks and an iguana (very poisoned).

Vanquished Creatures
  Pargi (Sewer)
  An ogre (D:4)
  2 scorpions
  An orc priest (D:5)
  A bombardier beetle (D:3)
  3 jellies (D:5)
  An orc wizard (D:5)
  An iguana (D:5)
  A gnoll (D:3)
  12 adders
  3 river rats (D:5)
  2 ufetubi (D:5)
  2 dart slugs
  2 ribbon worms (D:3)
  8 orcs
  3 endoplasms
  4 giant cockroaches
  3 hobgoblins
  3 jackals (Sewer)
  2 quokkas
  4 bats
  2 frilled lizards
  6 goblins
  6 kobolds
  8 rats
82 creatures vanquished.

Notes
Turn   | Place    | Note
-------+----------+-------------------------------------------
     0 | D:1      | lordive the Tengu Conjurer began the quest for the Orb.
     0 | D:1      | Reached XP level 1. HP: 10/10 MP: 4/4
   472 | D:1      | Reached XP level 2. HP: 15/15 MP: 1/6
   985 | D:2      | You fall into a shaft and drop 1 floor!
   995 | D:3      | Learned a level 2 spell: Searing Ray
  1071 | D:3      | Reached skill level 6 in Conjurations
  1161 | D:3      | Noticed a bombardier beetle
  1178 | D:3      | Reached XP level 3. HP: 19/19 MP: 4/7
  1213 | D:3      | Found a broken altar of Ashenzari.
  1611 | D:3      | Reached XP level 4. HP: 21/24 MP: 4/9
  1628 | D:3      | Reached skill level 7 in Conjurations
  2063 | D:4      | Reached XP level 5. HP: 28/28 MP: 5/10
  2294 | D:4      | Noticed an ogre
  2302 | D:4      | Found a bloodstained altar of Trog.
  2307 | D:4      | Killed an ogre
  2308 | D:4      | Reached skill level 8 in Conjurations
  2308 | D:4      | Reached XP level 6. HP: 32/32 MP: 5/12
  3151 | D:4      | Noticed an angel
  3154 | D:4      | Found a glowing silver altar of Zin.
  3246 | D:5      | Entered Level 5 of the Dungeon
  3402 | D:5      | Reached skill level 9 in Conjurations
  3402 | D:5      | Gained mutation: Your magical flight helps you evade
                  | attacks. (EV +4) [Tengu growth]
  3402 | D:5      | Reached XP level 7. HP: 37/37 MP: 4/14
  3464 | D:5      | Noticed a yak
  3470 | D:5      | Found a sacrificial altar of Ru.
  3498 | D:5      | Noticed a yak
  3812 | D:5      | Found a glowing drain.
  3817 | Sewer    | Entered a sewer
  3962 | Sewer    | Noticed Pargi
  3970 | Sewer    | Killed Pargi
  4565 | D:5      | Found a burning altar of Makhleb.
  4651 | D:5      | Noticed a yak
  4669 | D:5      | Slain by a yak

Illustrated notes

Levels and vault maps discovered:
D:1:      scummos_arrival_simple_fountains, layout_loops_corners
D:2:      layout_loops_ring, basic_altar, minmay_misc_feat_rugged,
          nicolae_concentric_dashed_squares_wild
D:3:      layout_basic, lemuel_round_altar, cheibrodos_ashenzari_chains
D:4:      layout_loops_ring, mainiacjoe_overflow_chevrons, zin_angel
D:5:      layout_basic, hangedman_ru_absence,
          mainiacjoe_overflow_small_starburst, portal_sewer_entry_e,
          minmay_manual_mandibuliform

Skill      XL: |  1  2  3  4  5  6  7 |
---------------+----------------------+-----
Conjurations   | 6 7 8 9 |  9.7
Spellcasting   | 3 4 |  4.7
Dodging        | 3 |  3.2
Fighting       | |  0.9
Stealth        | |  2.0

Action                     |  1- 3 |  4- 6 |  7- 9 || total
---------------------------+-------+-------+-------++-------
  Melee: Dagger            |       |     7 |     2 ||     9
         Kick              |       |     2 |     1 ||     3
   Cast: Magic Dart        |    24 |    28 |       ||    52
         Searing Ray       |    11 |    21 |    15 ||    47
 Armour: Robe              |     2 |     7 |    13 ||    22
  Dodge: Dodged            |     9 |     9 |    50 ||    68
